 Dungeon Crawl Stone Soup version 0.25.0-41-g26779e291d (webtiles) character file.

Game seed: 3027318365096537586

37 Ethylacetat the Poker (level 3, -1/25 HPs)
             Began as an Octopode Gladiator on July 10, 2020.
             Slain by a kobold
             ... wielding a +0 short sword
              (7 damage)
             ... on level 2 of the Dungeon.
             The game lasted 00:01:06 (882 turns).

Ethylacetat the Poker (Octopode Gladiator)           Turns: 882, Time: 00:01:07

Health: -1/25      AC:  1    Str: 14    XL:     3   Next: 41%
Magic:  3/3        EV: 14    Int: 10    God:
Gold:   36         SH:  0    Dex: 13    Spells: 2/2 levels left

rFire    . . .     SeeInvis .   a - +0 trident
rCold    . . .     Gourm    .   (no shield)
rNeg     . . .     Faith    .   b - +0 hat
rPois    .         Spirit   .   (no amulet)
rElec    .         Reflect  .   (no ring)
rCorr    .         Harm     .   (no ring)
MR       .....                  (no ring)
Stlth    ++........             (no ring)
HPRegen  0.08/turn              (no ring)
MPRegen  0.08/turn              (no ring)
                                (no ring)
                                (no ring)

@: lethally poisoned (-1 -> -4)
A: almost no armour, stealthy swim, amphibious, 8 rings, constrict 8, camouflage
1, gelatinous body 1
a: no special abilities


You were on level 2 of the Dungeon.
You were not hungry.

You visited 1 branch of the dungeon, and saw 2 of its levels.

You collected 36 gold pieces.

Inventory:

Hand Weapons
 a - a +0 trident (weapon)
Missiles
 c - 3 throwing nets (quivered)
Armour
 b - a +0 hat (worn)
Scrolls
 i - a scroll of amnesia {unknown}
 j - a scroll of teleportation {unknown}
Potions
 e - 2 potions of cancellation {unknown}
 f - a potion of invisibility {unknown}
 g - a potion of might {unknown}
 k - a potion of curing {unknown}
Comestibles
 d - 2 rations
 h - 6 chunks of flesh


   Skills:
 + Level 2.6 Fighting
 * Level 4.0 Polearms
 - Level 2.0 Throwing
 - Level 3.0 Dodging


You had 2 spell levels left.
You didn't know any spells.
Your spell library was empty.

Dungeon Overview and Level Annotations

Branches:
Dungeon (2/15)

Altars:


Innate Abilities, Weirdness & Mutations

You cannot wear most types of armour.
You are very stealthy in the water. (Stealth+)
You are amphibious.
You can wear up to eight rings at the same time.
You can use your tentacles to constrict eight enemies at once.
Your skin changes colour to match your surroundings (Stealth+).
Your rubbery body absorbs attacks. (AC +1, EV +1)


Message History

You constrict the rat, but do no damage.
The rat closely misses you.
You barely miss the rat. You squeeze the rat.
You kill the rat!
You feel sick.
You completely miss the rat. You grab the rat. You constrict the rat.
The rat completely misses you. The rat bites you.
You hit the rat.
You kill the rat!
You miss the kobold. Your grab misses the kobold.
You squeeze the kobold, but do no damage.
You feel sick.
The kobold hits you with a +0 short sword.
* * * LOW HITPOINT WARNING * * *
The rat twitches its whiskers.
A frilled lizard comes into view.
You hit the kobold but do no damage. Your grab misses the kobold.
The kobold barely misses you.
The kobold hits you with a +0 short sword!
You die... .# #. . . ## .#. ## ..[.l.. .#.#. .lr

#K# #@# #.#
#.#############+##
#................#
#####............#
#............+
#............#
#..........<.#
#.........)..#


You could see a kobold, 2 frilled lizards and a rat.

Vanquished Creatures
  An adder (D:2)
  An ooze (D:2)
  A dart slug (D:1)
  A giant cockroach (D:1)
  3 goblins
  4 hobgoblins
  5 kobolds (D:1)
  A bat (D:1)
  A frilled lizard (D:2)
  5 rats
23 creatures vanquished.

Notes
Turn   | Place    | Note
-------+----------+-------------------------------------------
     0 | D:1      | Ethylacetat the Octopode Gladiator began the quest for the
                  | Orb.
     0 | D:1      | Reached XP level 1. HP: 14/14 MP: 1/1
   337 | D:1      | Reached XP level 2. HP: 19/19 MP: 2/2
   871 | D:2      | Reached XP level 3. HP: 25/25 MP: 3/3
   875 | D:2      | Reached skill level 4 in Polearms
   882 | D:2      | Slain by a kobold

Illustrated notes

Levels and vault maps discovered:
D:1:      wander_arrival_desolate, layout_basic
D:2:      minmay_spotlight, layout_basic, cheibriados_altar_1,
          kennysheep_generic_room_11, uniq_sigmund

Skill      XL: |  1  2  3 |
---------------+----------+-----
Polearms       | 4 |  4.0
Fighting       | |  2.6
Throwing       | |  2.0
Dodging        | |  3.0

Action                   || total
-------------------------++-------
Melee: Trident           ||    50
       Tentacles         ||     5
       Constrict         ||     7
 Stab: Sleeping          ||     9
Armor: Skin              ||     1
Dodge: Dodged            ||    15
